Unix NetHack Version 5.0.0-0 post-release - last build May 22 2026 02:22:16 (99d1c3b6dc4b13757aaa5824b55bdea4e1e63757,branch:main).

Game began 2026-05-21 21:33:12, ended 2026-05-22 04:07:44.

CyberFan, neutral female human Priestess

                                           --------
                    ---------             #....*..|
                    |.......|             #|.de...|      -------
                   #........|            ##|..:@.<|      |.....|      -------
                 ###|.....%.|           ## |......|      |.....|      |.....|
                 #  -------.-          * ##*......|     #.......######-.....|
                 #         ###        # ## -.---.--     #|.....|      |...>.|
                 #           #       #  #    #  #       #|.....|      |.....|
               ###           #%##   #   #     # #       #-------      |.....|
              ##               *## #    #      *#       %             |.....|
         -----#                 *%*     #       ##      #             -------
         |....#                  #    ###        ##     #
         |...|                   ##   #           ##    #
         |...|          ----------|--##          # ###  #
         -----          |...........|#          -----|-##
                        |...........-#          |......#
                        |.....{.....|           |..)..|
                        |...........|           |.....|
                        -------------           -------

CyberFan the Adept           St:16 Dx:12 Co:12 In:10 Wi:18 Ch:12  Neutral
Dlvl:6  $:220 HP:0(40) Pw:52(52) AC:2  Xp:6/601 T:4332  Hungry  

Latest messages:
 The rope golem just misses!
 You hit the rope golem!
 The rope golem hits!
 The rope golem hits again!
 The rope golem grabs you!
 You hit the rope golem!
 The rope golem misses!
 The rope golem just misses!
 You are being choked.
 What do you want to zap? [rw or ?*]
 In what direction?
 You destroy the rope golem!
 You kill the black naga hatchling!
 You see here an uncursed black naga hatchling corpse.
 You swap places with your little dog.
 The little dog misses the gnome.
 The little dog bites the gnome.
 The gnome is killed!
 You see here an uncursed black naga hatchling corpse.
 There is an uncursed black naga hatchling corpse here; eat it? [ynq] (n)
 You have a very bad case of stomach acid.
 You finish eating the black naga hatchling corpse.
 You see here an uncursed statue of a plains centaur.
 You see here an uncursed statue of a plains centaur.
 You see here an uncursed statue of a plains centaur.
 Where do you want to travel to?
 (For instructions type a '?')
 You swap places with your little dog.
 You climb up the stairs.
 Where do you want to travel to?
 (For instructions type a '?')
 You kill the jackal!
 You see here an uncursed jackal corpse.
 Where do you want to travel to?
 (For instructions type a '?')
 You hit the floating eye!
 You are frozen by the floating eye's gaze!
 You are beginning to feel hungry.
 The little dog drops an uncursed rock.
 The lizard bites!
 The lizard bites!
 The lizard bites!
 The lizard bites!
 The lizard bites!
 The lizard bites!
 The lizard bites!
 The lizard bites!
 The lizard bites!
 The lizard bites!
 You die...

Inventory:
 Coins    ('$')
  $ - 220 gold pieces
 Weapons  (')')
  a - a blessed +1 mace (weapon in right hand)
 Armor    ('[')
  x - an uncursed +0 orcish helm (being worn)
  c - an uncursed +0 small shield
  j - a blessed fireproof +0 oilskin cloak
  b - an uncursed +0 robe (being worn)
  g - an uncursed +0 elven mithril-coat (being worn)
 Comestibles  ('%')
  o - 2 uncursed jackfruits
  e - an uncursed clove of garlic
  y - an uncursed food ration
  C - an uncursed fortune cookie
  f - 2 uncursed sprigs of wolfsbane
  m - 2 cursed sprigs of wolfsbane
 Scrolls  ('?')
  z - an uncursed scroll of amnesia
  s - an uncursed scroll of confuse monster
  t - a cursed scroll of enchant weapon
  B - an uncursed scroll of fire
  G - a blessed scroll of identify
  l - an uncursed scroll of scare monster
  F - an uncursed scroll of scare monster
 Potions  ('!')
  v - an uncursed potion of gain ability
  i - a cursed potion of gain level
  D - a blessed potion of levitation
  H - an uncursed potion of object detection
  h - a cursed potion of object detection
  A - an uncursed potion of restore ability
  u - a cursed potion of speed
  d - 4 potions of holy water
 Wands    ('/')
  r - an uncursed wand of cancellation (0:7)
  w - an uncursed wand of fire (0:2)
 Tools    ('(')
  I - an uncursed magic whistle
 Gems/Stones  ('*')
  q - an uncursed worthless piece of yellowish brown glass

CyberFan the Priestess's attributes:

Background:
 You were an Adept, a level 6 human Priestess.
 You were neutral, nominally on a mission for Brigit
 who was opposed by Lugh (lawful) and Manannan Mac Lir (chaotic).
 You were right-handed.
 You were in the Dungeons of Doom, on level 6.
 You entered the dungeon 4332 turns ago.
 It was nighttime.
 You had 601 experience points, 39 more were needed to attain level 7.

Basics:
 You had 0 out of 40 hit points.
 You had all 52 energy points (spell power).
 Your armor class was 2.
 Your wallet contained 220 zorkmids.
 Autopickup was on for '$%?!"=/*', with exceptions.

Final Characteristics:
 Your strength was 16 (limit:18/100).
 Your dexterity was 12 (limit:18).
 Your constitution was 12 (limit:18).
 Your intelligence was 10 (limit:18).
 Your wisdom was 18 (limit:18).
 Your charisma was 12 (limit:18).

Final Status:
 You were hungry.
 You were unencumbered.
 You were wielding a mace.
 You were skilled in mace.

Final Attributes:
 You were piously aligned.
 You were telepathic.
 You were guarded.
 Your spell casting was impaired by metallic armor, mitigated by your robe.
 You are dead.

Miscellaneous:
 You disabled loading and storing of bones levels.
 Total elapsed playing time was 22 minutes and 22 seconds.

Major events:
 Turn
    1: CyberFan the neutral human Priestess entered the dungeon
 1239: attained the rank of Acolyte (level 3)
 1479: entered the Gnomish Mines
 3151: attained the rank of Adept (level 6)
 4332: killed by a lizard, while frozen by a floating eye's gaze

Spells:
 Name                 Level Category     Fail Retention
 light                  1   clerical      49%   71%-80%
 healing                1   healing       31%  76%-100%

Skills:
 Fighting Skills
   bare handed combat [Unskilled]
 Weapon Skills
   club               [Unskilled]
   mace               [Skilled]
   morning star       [Unskilled]
   flail              [Unskilled]
   hammer             [Unskilled]
   quarterstaff       [Unskilled]
   polearms           [Unskilled]
   spear              [Unskilled]
   trident            [Unskilled]
   lance              [Unskilled]
   bow                [Unskilled]
   sling              [Unskilled]
   crossbow           [Unskilled]
   dart               [Unskilled]
   shuriken           [Unskilled]
   boomerang          [Unskilled]
   unicorn horn       [Unskilled]
 Spellcasting Skills
   healing spells     [Unskilled]
   divination spells  [Unskilled]
   clerical spells    [Basic]

Voluntary challenges:
 Character rerolling was not enabled.
 You were an atheist.
 You were illiterate.
 You never genocided any monsters.
 You never polymorphed an object.
 You never changed form.
 You used no wishes.
Achievements:
 You attained the rank of Acolyte.
 You entered the Gnomish Mines.
 You attained the rank of Adept.

 The Dungeons of Doom: levels 1 to 7
    Level 1:
    Level 2:
       Some fountains.
    Level 3:
    Level 4:
       Some fountains.
       Stairs down to The Gnomish Mines.
    Level 5:
       A fountain.
    Level 6: <- You were here.
       A fountain.
       Final resting place for
          you, killed by a lizard, while frozen by a floating eye's gaze.
    Level 7:
       Many fountains.
       Oracle of Delphi.
 The Gnomish Mines:
    Level 5:


Vanquished creatures:
  2 giant beetles
  a quivering blob
  a gnome mummy
  a rope golem
 an imp
  a water nymph
  7 Mordor orcs
  a rock piercer
  a rock mole
  a violet fungus
  2 gnome leaders
  a kobold mummy
  a black naga hatchling
  2 giant ants
  a little dog
  4 floating eyes
  a kobold leader
  a kobold shaman
  3 rabid rats
  a centipede
  3 iguanas
 an acid blob
  3 hobbits
  2 large kobolds
  2 giant rats
  6 cave spiders
  a yellow mold
  a green mold
  4 gnomes
  2 garter snakes
  a gecko
  4 jackals
  a kobold
  a goblin
  3 sewer rats
  4 grid bugs
  a bat
  2 lichens
  4 kobold zombies
  7 newts
87 creatures vanquished.

No species were genocided or became extinct.

Game over:
                       ----------
                      /          \
                     /    REST    \
                    /      IN      \
                   /     PEACE      \
                  /                  \
                  |     CyberFan     |
                  |      220 Au      |
                  |   killed by a    |
                  |      lizard      |
                  |                  |
                  |                  |
                  |       2026       |
                 *|     *  *  *      | *
        _________)/\\_//(\/(/\)/\//\/|_)_______

Goodbye CyberFan the Priestess...

You died in The Dungeons of Doom on dungeon level 6 with 2902 points,
and 220 pieces of gold, after 4332 moves.
You were level 6 with a maximum of 40 hit points when you died.

